Workbook
Name Decision: [1]lista!$A$6:$A$7
Name Decision: [2]lista!$A$6:$A$7
Name PARTICIPACION: [1]lista!$A$15:$A$17
Name PARTICIPACION: [2]lista!$A$15:$A$17
Name Procedencia: [1]lista!$A$2:$A$3
Name Procedencia: [2]lista!$A$2:$A$3
Name tipo: [1]lista!$A$11:$A$13
Name tipo: [2]lista!$A$11:$A$13
Name x: [3]lista!$A$11:$A$13
Name x: [4]lista!$A$11:$A$13

Sheet INFO GENERAL Y FINANCIERA
B8: Formato Información General Y Financiera De Proveedores
B10: Ciudad | M10: Fecha Dd/mm/aa | AD10: Persona Natural
AD11: Persona Jurídica
B12: 1. Información General
B13: 1.1. Identificación.
B14: Personas naturales | F14: Nombre Comercial | U14: Nombres y Apellidos | AK14: Cédula
B16: Personas jurídicas | F16: Razón Social | U16: NIT | AK16: DV
B18: Dirección | U18: Teléfono | AD18: Fax | AK18: Ciudad
B20: Pagina Web | U20: Años de Constitución | AD20: Sector al que pertenece
B22: 1.2. Personas De Contacto
B23: Gerente General | K23: E-mail | U23: Teléfono | AD23: Ext. | AK23: Celular
B25: Director Comercial | K25: E-mail | U25: Teléfono | AD25: Ext. | AK25: Celular
B27: Asesor Comercial | K27: E-mail | U27: Teléfono | AD27: Ext. | AK27: Celular
B29: 1.3. Productos Y Servicios Inscritos En El Rup De Acuerdo Con El Unspsc
B30: Incluir Listado Con Breve Descripción De Los Productos Y/o Servicios Que Ofrece La Compañía, Registrados En El Rup (agregue Las Filas Necesarias) | AK30: Código de Naciones Unidas
B36: 1.4. Códigos CIIU | AK36: 1.5. Número De Empleados
B37: Código De Actividad | F37: Descripción Actividad Económica CIIU | AD37: Tarifa ICA
B41: 2. Información Financiera
B42: Nombre Del Indicador | J42: Cuenta | R42: Valores En Pesos a Diciembre 31 De 2013 | Y42: Valores En Pesos a Diciembre 31 De 2014 | AF42: Indicador 2013 | AJ42: Indicador 2014 | AN42: Veces- Porcentaje
B43: Capacidad Financiera | D43: índice De Liquidez | J43: Activo Corriente --> | AF43: =+IFERROR(R43/R44,0) -> 0 | AJ43: =+IFERROR(Y43/Y44,0) -> 0 | AN43: Veces
J44: Pasivo Corriente -->
D45: Índice De Endeudamiento | J45: Pasivo Total--> | AF45: =+IFERROR(R45/R46,0) -> 0 | AJ45: =+IFERROR(Y45/Y46,0) -> 0 | AN45: Porcentaje
J46: Activo Total-->
D47: Razón De Cobertura De Intereses | J47: Utilidad Operacional--> | AF47: =+IFERROR(R47/R48,0) -> 0 | AJ47: =+IFERROR(Y47/Y48,0) -> 0 | AN47: Veces
J48: Gastos De Interés-->
D49: Capital de Trabajo | J49: Activo Corriente--> | AF49: =+R49-R50 -> 0 | AJ49: =+Y49-Y50 -> 0 | AN49: Pesos
J50: Pasivo corriente-->
B51: Capacidad Organizacional | D51: Rentabilidad Del Patrimonio | J51: Utilidad Operacional--> | AF51: =+IFERROR(R51/R52,0) -> 0 | AJ51: =+IFERROR(Y51/Y52,0) -> 0 | AN51: Porcentaje
J52: Patrimonio-->
D53: Rentabilidad Del Activo | J53: Utilidad Operacional--> | AF53: =+IFERROR(R53/R54,0) -> 0 | AJ53: =+IFERROR(Y53/Y54,0) -> 0 | AN53: Porcentaje
J54: Activo Total-->
B55: Nota: Para las empresas inspeccionadas, vigiladas o controladas por la Supersociedades, la información consignada en este numeral será validada con la reportada a la Supersociedades y disponible para consulta en Internet mediante el Sistema de Información y Riesgo Empresarial de la Supersociedades (SIREM). Si se evidencian diferencias en los valores consignados en este formato y los reportados a la Supersociedades se tomará como referencia la información del SIREM.
B56: Otra información relevante de la empresa (consigne en este espacio otra información que considere de interés)

Sheet OPERADOR LOG DE EVENTOS
B10: SOLICITUD DE COTIZACIÓN - OPERADOR LOGISTICO DE EVENTOS
B12: EMPRESA: | E12: NIT: | H12: FECHA:
B13: CONTACTO | E13: CARGO: | H13: TEL. CELULAR :
B14: E-MAIL: | E14: DIRECCIÓN: | H14: TELEFONO FIJO:
B16: Instrucciones para el diligenciamiento del formato de cotización
B17: • Por favor diligenciar solo las celdas en AMARILLO. Se deben llenar todas las casillas. • Revisar todos los requerimientos que se exponen en el documento "Ficha de Condiciones Técnicas" y Anexos; y formular su cotización en concordancia con este. • Asignar precio sin incluir el IVA en la celda de la columna "H" y asignar la tarifa de IVA que corresponda en la celda de la columna "G" • El valor de la cotización deber ser expresado en PESOS COLOMBIANOS. • Los valores unitarios deberán aproximarse por exceso o por defecto al entero más cercano. Si la cifra no está aproximada y aparece con centavos, el ICBF aproximará al entero inferior. • No modificar, agregar o quitar ningún ítem o sub-ítem.
B19: Concepto | D19: Descripción | G19: Tárifa IVA | H19: Valor unitario diario sin IVA | I19: Valor unitario diario IVA incluido
B20: Honorarios diarios | D20: Honorarios diarios otorgados a la persona designada para la coordinación de los eventos | I20: =+ROUND(H20*(1+G20),0) -> 0
B21: Gastos de viaje | D21: Valor diario reconocido al personal designado para la coordinación del evento, el cual incluye: transporte terrestre, alojamiento y alimentación. | I21: =+ROUND(H21*(1+G21),0) -> 0
B23: Porcentaje de comisión sobre el valor de los eventos antes de IVA | H23: 5000000000
B25: La presente cotización:
B26: • Incluye todos los costos y gastos directos e indirectos en que debe incurrir el contratista durante la ejecución del contrato de acuerdo con las especificaciones de la Ficha de Condiciones Técnicas, las obligaciones tributarias de acuerdo con las normas aplicables para el tipo de servicio y contrato correspondiente, y los costos de las pólizas. • Se remite como parte del estudio de mercado, previo a la contratación, y no implica ninguna obligación de contratar. • Tiene una vigencia de 90 dias a partir de la fecha de diligenciamiento.
B27: Inscripción en el Registro Único de Proponentes: Las personas naturales y jurídicas, nacionales o extranjeras, con domicilio en Colombia, interesadas en participar en procesos de contratación convocados por las entidades estatales, deben estar inscritas en el RUP, salvo las excepciones previstas de forma taxativa en la ley (Artículo 8 del Decreto 1510 de 2013). Se aclara que esta inscripción no se requiere para remitir cotización durante el estudio de mercado.

Sheet POLIZAS
B8: CONCEPTOS A TENER EN CUENTA PARA REALIZAR LA COTIZACIÓN DE DOTACIÓN INDUSTRIAL
B11: El presente cuadro es de carácter informativo, no se debe diligenciar. Sin embargo se entiende que la cotización incluye la totalidad de los conceptos relacionados a continuación.
B13: PÓLIZAS PARA LEGALIZACIÓN DEL CONTRATO
B15: CONCEPTO | D15: COBERTURA | E15: PLAZO (En Meses)
B16: Garantía de Seriedad de la oferta | D16: 0.1 | E16: Plazo de Ejecución
B17: Cumplimiento | D17: 0.2 | E17: Plazo de ejecución + 4 meses mas
B18: Salarios, Prestaciones | D18: 0.1 | E18: Plazo de ejecución + 36 meses mas
B19: Calidad de los Servicios | D19: 0.2 | E19: Plazo de ejecución + 4 meses mas
B20: Responsabilidad civil extracontractual | D20: 0.1 | E20: Plazo de Ejecución
B21: Cobertura: Corresponde al porcentaje del valor total del contrato a amparar.

Sheet INFO EXPERIENCIA
B8: EXPERIENCIA EN CONTRATACION EN LOS ULTIMOS 5 AÑOS
B9: EXPERIENCIA EN CONTRATACIÓN EN LOS ÚLTIMOS 5 AÑOS
B11: Empresa: | C11: =IF('OPERADOR LOG DE EVENTOS'!C12="","",'OPERADOR LOG DE EVENTOS'!C12) | F11: Nit: | G11: =IF('OPERADOR LOG DE EVENTOS'!F12="","",'OPERADOR LOG DE EVENTOS'!F12) | I11: Fecha: | J11: =IF('OPERADOR LOG DE EVENTOS'!I12="","",'OPERADOR LOG DE EVENTOS'!I12)
B12: Contacto: | C12: =IF('OPERADOR LOG DE EVENTOS'!C13="","",'OPERADOR LOG DE EVENTOS'!C13) | F12: Cargo: | G12: =IF('OPERADOR LOG DE EVENTOS'!F13="","",'OPERADOR LOG DE EVENTOS'!F13) | I12: Tel. celular: | J12: =IF('OPERADOR LOG DE EVENTOS'!I13="","",'OPERADOR LOG DE EVENTOS'!I13)
B13: E-Mail: | C13: =IF('OPERADOR LOG DE EVENTOS'!C14="","",'OPERADOR LOG DE EVENTOS'!C14) | F13: Dirección: | G13: =IF('OPERADOR LOG DE EVENTOS'!F14="","",'OPERADOR LOG DE EVENTOS'!F14) | I13: Tel. fijo: | J13: =IF('OPERADOR LOG DE EVENTOS'!I14="","",'OPERADOR LOG DE EVENTOS'!I14)
B15: Con el fin de conocer la experiencia con la que cuentan las empresas del sector relacionada con el objeto del presente estudio de mercado, agradecemos diligenciar el cuadro que sigue con base en los contratos suscritos en los últimos 5 años, cuyos objetos están relacionados con el objeto del presente estudio de mercado
B17: Tipo de entidad | C17: Entidad o Empresa | D17: Numero del contrato | E17: Objeto del contrato | F17: Fecha de suscripción (dd/mmm/aa) | G17: Plazo de ejecución (en años) | H17: Forma de participación (UT, consorcio, individual) | I17: % de participación | J17: Valor total ejecutado del contrato (de acuerdo con el % de participación)
B29: Nota: Agregar las filas necesarias para reportar la experiencia
